 Dungeon Crawl Stone Soup version 0.28.0-53-g5a82cb258f (webtiles) character file.

Game seed: 14387733920113708779

46 PhantomBowie the Skirmisher (level 3, 0/33 HPs)
             Began as a Hill Orc Fighter on May 30, 2022.
             Slain by Sigmund
             ... wielding a +0 scythe
              (3 damage)
             ... on level 2 of the Dungeon.
             The game lasted 00:03:18 (981 turns).

PhantomBowie the Skirmisher (Hill Orc Fighter)       Turns: 981, Time: 00:03:18

Health: 0/33       AC:  7    Str: 20    XL:     3   Next: 68%
Magic:  3/3        EV:  9    Int:  8    God:
Gold:   44         SH:  4    Dex: 10    Spells: 2/2 levels left

rFire   . . .      SeeInvis .   a - +0 war axe
rCold   . . .      Faith    .   c - +0 buckler
rNeg    . . .      Spirit   .   b - +0 scale mail
rPois   .          Reflect  .   (no helmet)
rElec   .          Harm     .   (no cloak)
rCorr   .          Rampage  .   (no gloves)
Will    .....                   (no boots)
Stlth   ..........              (no amulet)
HPRegen 0.11/turn               (no ring)
MPRegen 0.08/turn               (no ring)

@: mighty
A: no striking features
a: no special abilities


You were on level 2 of the Dungeon.
You visited 1 branch of the dungeon, and saw 2 of its levels.

You collected 44 gold pieces.

Inventory:

Hand Weapons
 a - a +0 war axe (weapon)
Missiles
 e - 41 stones (quivered)
Armour
 b - a +0 scale mail (worn)
 c - a +0 buckler (worn)
Scrolls
 f - 3 scrolls of teleportation {unknown}
 g - a scroll of identify {unknown}


   Skills:
 + Level 4.1 Fighting
 + Level 3.4 Axes
 + Level 3.8 Armour
 + Level 3.8 Shields


You had 2 spell levels left.
You didn't know any spells.
Your spell library was empty.

Dungeon Overview and Level Annotations

Branches:
Dungeon (2/15)

Altars:

Annotations:
D:2 Sigmund


Message History

You hit the adder but do no damage.
You feel sick. The adder misses you.
You barely miss the adder.
You feel sick.
You are no longer poisoned.
The adder bites you but does no damage. The adder closely misses you.
You slash the adder!
You kill the adder!
No target in view!
HP restored.
You see here an adder corpse.
Found a stone staircase leading down.
Sigmund the Dreaded comes into view.
He is wielding a +0 scythe.
Found a glowing amethyst potion.
You see here an adder corpse.
No target in view!
Sigmund hits you with a +0 scythe!
You see here an adder corpse.
You feel very mighty all of a sudden.
You completely miss Sigmund. Sigmund closely misses you.
You barely miss Sigmund. You block Sigmund's attack.
You closely miss Sigmund.
Sigmund screams, "Only death can liberate you!"
Sigmund hits you with a +0 scythe!
You barely miss Sigmund. Sigmund casts a spell at you.
The puff of flame hits you.
You hit Sigmund but do no damage. Sigmund hits you with a +0 scythe.
* * * LOW HITPOINT WARNING * * *
You barely miss Sigmund.
Sigmund gestures wildly while chanting.
Sigmund flickers and vanishes!
Deactivating autopickup; reactivate with Ctrl-A.
You barely miss something.
You hear some strange, mumbled words.
Something tries to affect you, but you resist.
Something hits you.
* * * LOW HITPOINT WARNING * * *
You miss something. Something hits you.
* * * LOW HITPOINT WARNING * * *
You slash something! Something hits you.
You die...

##########
#####..(.....# ####
#.....##....##
.>.#...###@#####..####
.........{.#####.##
.........####.)..#
!........##..<#### .
............###
........#### ........#
......... ## .........


There were no monsters in sight!

Vanquished Creatures
  2 adders
  3 endoplasms (D:1)
  4 giant cockroaches (D:1)
  3 goblins (D:1)
  2 hobgoblins (D:1)
  2 quokkas (D:1)
  A ball python (D:1)
  2 bats (D:1)
  A frilled lizard (D:1)
  6 kobolds
26 creatures vanquished.

Notes
Turn   | Place    | Note
-------+----------+-------------------------------------------
     0 | D:1      | PhantomBowie the Hill Orc Fighter began the quest for the
                  | Orb.
     0 | D:1      | Reached XP level 1. HP: 19/19 MP: 1/1
    48 | D:1      | Reached XP level 2. HP: 27/27 MP: 2/2
    63 | D:1      | You fall into a shaft and drop 1 floor!
   367 | D:1      | Found a faded altar of an unknown god.
   391 | D:1      | Reached skill level 4 in Fighting
   578 | D:1      | Reached XP level 3. HP: 23/33 MP: 3/3
   962 | D:2      | Noticed Sigmund
   981 | D:2      | Slain by Sigmund

Illustrated notes

Levels and vault maps discovered:
D:1:      sevenhm_arrival_forest_fort_large_4, layout_rooms,
          chequers_ecumenical_altar_island, minmay_tetromino_o2
D:2:      layout_rooms, uniq_sigmund

Skill      XL: |  1  2 |
---------------+-------+-----
Axes           | 3 |  3.4
Fighting       | 4 |  4.1
Armour         | |  3.8
Shields        | |  3.8

Action                   || total
-------------------------++-------
Melee: War axe           ||    83
  Use: Potion            ||     1
Armor: Scale mail        ||    26
Dodge: Dodged            ||    33
Block: Buckler           ||    23
